 Dungeon Crawl Stone Soup version 0.30-a0-808-g6e0788376e (webtiles) character file.

Game seed: 1317874507611402058

410 demibob the Spear-Bearer (level 6, -2/44 HPs)
             Began as a Merfolk Gladiator on Feb 26, 2023.
             Slain by Pikel
             ... wielding a +2 whip of electrocution
              (10 damage)
             ... on level 4 of the Dungeon.
             The game lasted 00:03:18 (2804 turns).

demibob the Spear-Bearer (Merfolk Gladiator)        Turns: 2804, Time: 00:03:19

Health: -2/44      AC:  5    Str: 14    XL:     6   Next: 89%
Magic:  6/6        EV: 13    Int:  7    God:
Gold:   304        SH:  0    Dex: 18    Spells: 5/5 levels left

rFire   + . .      SeeInvis .    a - +1 trident
rCold   + . .      Faith    .    (no shield)
rNeg    . . .      Spirit   .    b - +0 leather armour
rPois   +          Reflect  .    c - +0 helmet
rElec   +          Harm     .    (no cloak)
rCorr   +          Rampage  .    g - +0 pair of gloves
Will    .....                    (no boots)
Stlth   +                        (no amulet)
HPRegen 0.27/turn                (no ring)
MPRegen 0.10/turn                (no ring)

@: resistant
A: (nimble swimmer 2), mertail
a: no special abilities


You were on level 4 of the Dungeon.
You visited 1 branch of the dungeon, and saw 4 of its levels.

You collected 304 gold pieces.


Innate Abilities, Weirdness & Mutations

((You are very nimble when in or above water. (Stealth+, EV+, Speed+++)))
Your lower body shifts to a powerful aquatic tail in water.


   Skills:
 - Level 2.1 Fighting
 + Level 9.9 Polearms
 - Level 2.0 Throwing
 - Level 4.0 Dodging


You had 5 spell levels left.
You didn't know any spells.
Your spell library was empty.

Inventory:

Hand Weapons
 a - a +1 trident (weapon)
Missiles
 d - 3 throwing nets (quivered) {=f}
 e - a javelin
Armour
 b - a +0 leather armour (worn)
 c - a +0 helmet (worn)
 g - a +0 pair of gloves (worn)
Potions
 f - 2 potions of flight
 j - a potion of resistance

Dungeon Overview and Level Annotations

Branches:
Dungeon (4/15)
 Temple: D:4-7

Altars:
Ashenzari
Nemelex Xobeh

Annotations:
D:4 Pikel

......#
......#
##.####
.# # #
#########
#
.55K..55#
# #K# #
#@# # #.#
# ###.# #
#...# #
#.### #
#.# # #.#
# #.# #
#.#


You could see Pikel and 2 lemures.


Message History

Pikel is heavily wounded.
Pikel hits you with a +2 whip of electrocution!
* * * LOW HITPOINT WARNING * * *
You closely miss Pikel.
Pikel is heavily wounded.
Pikel barely misses you.
You completely miss Pikel. You punch Pikel, but do no damage.
Pikel is heavily wounded.
You hit Pikel but do no damage.
Pikel is heavily wounded.
Pikel hits you but does no damage.
You closely miss Pikel.
Pikel is heavily wounded.
Pikel closely misses you.
You hit Pikel but do no damage.
Pikel is heavily wounded.
Pikel misses you.
You hit Pikel.
Pikel is heavily wounded.
Pikel closely misses you.
You hit Pikel but do no damage.
Pikel is heavily wounded.
You closely miss Pikel.
Pikel is heavily wounded.
Pikel hits you with a +2 whip of electrocution.
* * * LOW HITPOINT WARNING * * *
You puncture Pikel!
Pikel is severely wounded.
Pikel hits you with a +2 whip of electrocution!
You die...

Skill      XL: |  1  2  3  4  5  6 |
---------------+-------------------+-----
Polearms       | 5 6 7 8 9 |  9.9
Fighting       | |  2.1
Throwing       | |  2.0
Dodging        | |  4.0

Action                     |  1- 3 |  4- 6 || total
---------------------------+-------+-------++-------
  Melee: Trident           |    98 |   202 ||   300
         Punch             |     1 |     5 ||     6
    Use: Scroll            |       |    11 ||    11
         Potion            |       |     8 ||     8
   Stab: Sleeping          |     1 |     2 ||     3
 Armour: Leather armour    |    26 |    22 ||    48
         Skin              |       |    43 ||    43
  Dodge: Dodged            |    61 |    77 ||   138

Levels and vault maps discovered:
D:1:      scummos_arrival_simple_crosswalls, layout_rooms
D:2:      layout_basic
D:3:      layout_basic, nicolae_overflow_ecumenical_swirl,
          nemelex_dance_club_becter, chequers_serial_rivers_marsh,
          kennysheep_orc_chapel
D:4:      layout_loops_ring, mainiacjoe_overflow_tiny_flanked, uniq_pikel

Notes
Turn   | Place    | Note
-------+----------+-------------------------------------------
     0 | D:1      | demibob the Merfolk Gladiator began the quest for the Orb.
     0 | D:1      | Reached XP level 1. HP: 16/16 MP: 1/1
   121 | D:1      | Reached XP level 2. HP: 22/22 MP: 2/2
   188 | D:1      | Reached skill level 5 in Polearms
   387 | D:1      | Reached XP level 3. HP: 27/27 MP: 3/3
   754 | D:2      | Reached skill level 6 in Polearms
   779 | D:2      | Reached XP level 4. HP: 29/33 MP: 4/4
  1088 | D:2      | Identified 2 potions of resistance
  1170 | D:3      | Reached skill level 7 in Polearms
  1178 | D:3      | Reached XP level 5. HP: 6/38 MP: 5/5
  1506 | D:3      | Found a faded altar of an unknown god.
  1873 | D:3      | Found a sparkling altar of Nemelex Xobeh.
  2005 | D:4      | Reached skill level 8 in Polearms
  2110 | D:4      | Reached XP level 6. HP: 28/44 MP: 6/6
  2198 | D:4      | Reached skill level 9 in Polearms
  2413 | D:4      | Found a broken altar of Ashenzari.
  2771 | D:4      | Noticed Pikel
  2804 | D:4      | Slain by Pikel

Vanquished Creatures
  A necrophage (D:4)
  2 hounds (D:4)
  A jelly (D:4)
  An orc priest (D:3)
  An iguana (D:4)
  2 orc wizards
  5 adders
  3 gnolls (D:4)
  2 worms (D:2)
  6 orcs
  10 ball pythons
  8 endoplasms
  4 giant cockroaches
  5 goblins
  2 hobgoblins
  2 jackals (D:2)
  2 quokkas
  4 bats
  3 frilled lizards
  11 kobolds
  4 rats (D:1)
79 creatures vanquished.

Table legend: (Time is in decaauts)
 A = Elapsed time spent in this place.
 B = Non-inter-level travel time spent in this place.
 C = Inter-level travel time spent in this place.
 D = Time resting spent in this place.
 E = Time spent auto-exploring this place.
 F = Levels seen in this place.
 G = Mean time per level.
                   A        B        C        D        E       F      G
               +--------+--------+--------+--------+--------+-----+--------+
         Total |   2781 |   2727 |     54 |    255 |   1938 |   4 |  695.2 |
       Dungeon |   2781 |   2727 |     54 |    255 |   1938 |   4 |  695.2 |
               +--------+--------+--------+--------+--------+-----+--------+

Top non-repeatable levels by time:
     D:3: 882 daAuts
     D:4: 788 daAuts
     D:2: 667 daAuts
     D:1: 444 daAuts

Table legend:
 A = Non-vault XP
 B = Vault XP
 C = Vault XP percentage of total XP
 D = Non-vault monster count
 E = Vault monster count
 F = Vault count percentage of total count
                 A         B        C        D         E       F
            +---------+---------+-------+---------+---------+-------
      Total |     499 |      87 |  14.8 |      73 |       6 |   7.6
            +---------+---------+-------+---------+---------+-------
        D:1 |      38 |       0 |   0.0 |      25 |       0 |   0.0
        D:2 |      66 |       0 |   0.0 |      21 |       0 |   0.0
        D:3 |      38 |      87 |  69.6 |       9 |       6 |  40.0
        D:4 |     357 |       0 |   0.0 |      18 |       0 |   0.0
            +---------+---------+-------+---------+---------+-------
